Map: Year Zero LE

Players

TIME (Oliveira) - Winner!

  • Race: Terran Terran
  • Spawn Location: 11:00

Silky

  • Race: Zerg Zerg
  • Spawn Location: 1:00

Event: 2019 WCS Winter Americas

VOD

Have the link to the VOD?

Description

Time

  • Played on: Feb. 17, 2019, 1:17 p.m.
  • Length: 24:50

All games in this series

Show
View Real Time Build Order
Export as new Build Order

TIME Terran - Winner!

Build Orders: Reaper Expand, Hellion Banshee, Mech 

Get SALT Encoding   

  12  0:00  SCV  
  13  0:13  SCV  
  14  0:18  Supply Depot  
  14  0:25  SCV  
  15  0:39  SCV  
  15  0:41  Barracks  
  16  0:45  Refinery  
  16  0:51  SCV  
  17  1:03  SCV  
  18  1:16  SCV  
  19  1:29  Reaper, Orbital Command  
  20  1:41  Command Center  
  20  1:51  Supply Depot  
  20  1:55  SCV  
  20  2:01  Marine  
  22  2:07  SCV  
  23  2:09  Factory  
  23  2:15  Refinery  
  23  2:19  SCV  
  24  2:24  Barracks Reactor  
  24  2:31  SCV  
  25  2:43  SCV  
  26  2:53  Starport  
  26  2:54  Orbital Command  
  26  2:55  SCV  
  27  3:04  Hellion x2  
  31  3:07  Marine  
  31  3:09  SCV  
  33  3:20  SCV  
  33  3:21  SCV  
  33  3:24  Marine, Supply Depot  
  33  3:25  Hellion  
  33  3:26  Hellion  
  40  3:31  Medivac  
  40  3:32  SCV  
  40  3:33  SCV  
  44  3:43  Marine  
  44  3:47  Hellion x2  
  51  3:51  Armory  
  51  3:55  SCV  
  50  3:56  Supply Depot  
  50  3:58  SCV  
  50  4:01  Starport Tech Lab  
  51  4:07  SCV  
  51  4:08  Hellion  
  54  4:17  SCV, Hellion  
  54  4:19  SCV, Supply Depot  
  58  4:24  Cloaking Field  
  58  4:25  Banshee  
  58  4:29  SCV  
  62  4:41  SCV x2, Hellion  
  66  4:47  Hellion  
  66  4:52  Command Center  
  68  4:55  Supply Depot  
  68  4:58  SCV  
  68  4:59  SCV  
  70  5:06  Hellion  
  55  5:08  Banshee  
  55  5:10  Hellion  
  55  5:13  SCV x2  
  55  5:14  Refinery x2  
  60  5:25  SCV x2  
  60  5:28  Hellion  
  64  5:30  Factory  
  64  5:31  Hellion  
  64  5:32  Factory  
  66  5:37  SCV  
  66  5:41  SCV  
  68  5:49  SCV  
  69  5:50  Hellion  
  69  5:51  Banshee  
  69  5:52  Hellion  
  69  5:53  SCV  
  77  5:59  Barracks Tech Lab, Terran Vehicle Weapons Level 1  
  77  6:01  SCV  
  78  6:05  SCV x2  
  78  6:12  Hellion  
  78  6:14  SCV  
  78  6:15  Hellion, Factory Tech Lab  
  78  6:16  Factory Tech Lab  
  82  6:19  SCV  
  82  6:21  Orbital Command  
  82  6:30  SCV  
  83  6:34  Hellion  
  83  6:35  Cyclone  
  83  6:36  Hellion, Cyclone  
  93  6:42  SCV  
  93  6:45  SCV  
  92  6:48  Supply Depot  
  92  6:49  Orbital Command, Banshee  
  95  6:54  SCV  
  95  6:59  Mag-Field Accelerator  
  95  7:01  Infernal Pre-Igniter, Hellion x2  
  98  7:05  Refinery  
  98  7:06  SCV, Refinery  
  98  7:07  SCV  
  103  7:16  Engineering Bay, Siege Tank x2  
  103  7:18  SCV  
  103  7:19  SCV x2  
  107  7:22  Hellion  
  107  7:23  Hellion  
  107  7:31  SCV  
  107  7:35  Supply Depot  
  107  7:36  Supply Depot  
  108  7:38  Armory  
  108  7:39  Hyperflight Rotors  
  108  7:44  SCV  
  109  7:56  Terran Vehicle Weapons Level 2, Banshee  
  109  7:57  Hellion x2, Cyclone, Command Center  
  119  8:03  Supply Depot  
  119  8:06  Sensor Tower, Supply Depot  
  119  8:07  SCV x2  
  119  8:08  SCV  
  122  8:13  Cyclone  
  125  8:25  Hellion x2  
  129  8:32  Terran Vehicle And Ship Armor Level 1  
  129  8:33  Factory, Siege Tank  
  129  8:34  Factory  
  130  8:35  SCV x2  
  130  8:39  Missile Turret  
  130  8:40  Banshee  
  135  8:42  Supply Depot  
  135  8:43  Missile Turret  
  135  8:48  Hellion x2  
  139  8:55  Supply Depot x2  
  139  9:03  Siege Tank  
  139  9:06  Siege Tank  
  143  9:22  Banshee  
  143  9:24  Factory Reactor, Factory Tech Lab  
  144  9:31  Hellion x2  
  148  9:32  Supply Depot x2  
  148  9:33  Supply Depot  
  148  9:34  Missile Turret  
  148  9:41  Thor x2  
  160  9:47  SCV  
  153  9:56  Siege Tank, Refinery  
  130  10:00  Refinery  
  130  10:01  Hellion  
  130  10:02  Hellion x3  
  130  10:03  SCV  
  130  10:05  SCV  
  138  10:17  SCV  
  138  10:18  SCV  
  138  10:19  Planetary Fortress  
  140  10:24  Siege Tank  
  140  10:26  Hellion  
  140  10:27  Hellion, Siege Tank  
  150  10:30  Terran Vehicle And Ship Armor Level 2, Terran Vehicle Weapons Level 3  
  150  10:33  Siege Tank  
  153  10:36  Missile Turret  
  153  10:37  Missile Turret  
  153  10:41  Missile Turret  
  151  10:51  Hellion x3  
  151  10:55  Starport  
  151  10:57  Starport, Siege Tank  
  156  10:59  Siege Tank  
  156  11:00  Hellion  
  156  11:03  SCV  
  133  11:05  Hellion  
  130  11:14  Banshee  
  124  11:24  Hellion x4  
  129  11:26  Siege Tank  
  129  11:34  Command Center  
  129  11:37  Starport Reactor  
  129  11:39  Starport Tech Lab  
  129  11:41  Siege Tank x2  
  129  11:43  Fusion Core  
  135  11:49  Missile Turret  
  135  11:51  Hellion x3  
  135  11:52  Hellion, Missile Turret  
  143  12:01  Viking  
  143  12:02  Viking  
  147  12:14  Siege Tank  
  152  12:15  Hellion  
  152  12:16  Viking x2  
  152  12:17  Thor  
  152  12:18  Hellion x2  
  162  12:22  Thor  
  156  12:31  Hellion  
  156  12:35  Battlecruiser  
  161  12:38  Battlecruiser  
  167  12:46  Terran Ship Weapons Level 1  
  167  12:55  Viking x2  
  167  12:56  Thor  
  177  13:03  Hellion x2  
  177  13:04  Hellion  
  183  13:11  Thor  
  192  13:19  Hellion  
  194  13:22  Weapon Refit  
  194  13:28  Terran Vehicle And Ship Armor Level 3  
  194  13:31  Hellion x2  
  196  13:36  SCV  
  187  13:42  Battlecruiser  
  191  13:48  Battlecruiser  
  191  13:53  Missile Turret  
  191  13:55  Refinery  
  189  13:56  Missile Turret  
  189  13:57  Hellion, Siege Tank, Refinery  
  189  13:58  Sensor Tower  
  194  14:03  Neosteel Armor  
  194  14:12  Viking  
  188  14:21  Hellion  
  179  14:24  Hellion  
  179  14:28  Viking  
  173  14:32  Command Center  
  173  14:42  Cyclone x2  
  173  14:43  Cyclone  
  173  14:45  Terran Ship Weapons Level 2  
  176  14:57  Battlecruiser  
  176  14:58  Raven  
  176  14:59  Viking  
  186  15:13  Hellion x2  
  190  15:18  Hellion  
  190  15:19  Hellion  
  194  15:22  Cyclone  
  194  15:23  Cyclone  
  194  15:25  SCV  
  194  15:28  SCV  
  192  15:36  Planetary Fortress  
  192  15:40  Thor  
  192  15:41  SCV x2  
  200  15:47  Sensor Tower  
  200  16:06  Command Center  
  200  16:50  Command Center  
  200  16:51  Command Center  
  187  17:14  Battlecruiser x2  
  199  17:41  Orbital Command  
  196  17:44  Command Center  
  196  17:46  Refinery  
  196  17:47  Terran Ship Weapons Level 3  
  196  17:48  Factory  
  196  17:50  Factory  
  196  17:51  Factory  
  191  17:55  Hellion, Siege Tank x3  
  191  17:56  Hellion x2  
  176  18:04  Viking x2  
  158  18:09  Hellion, Orbital Command  
  158  18:10  Orbital Command  
  160  18:18  Hellion  
  160  18:19  Hellion x2  
  166  18:26  Raven x2  
  166  18:27  Hellion, Siege Tank  
  175  18:37  Factory Tech Lab  
  175  18:41  Factory Reactor  
  175  18:53  Thor x3  
  175  18:54  Hellion x3  
  197  19:01  Sensor Tower  
  195  19:11  Hellion  
  195  19:15  Raven  
  191  19:44  Planetary Fortress  
  190  19:53  Cyclone, Refinery  
  190  19:54  Cyclone  
  190  19:55  Missile Turret, Sensor Tower, Command Center, Refinery  
  190  19:56  Missile Turret  
  196  20:37  Siege Tank  
  193  21:25  Siege Tank  
  193  21:28  Siege Tank x2  
  193  21:29  Siege Tank  
  176  21:48  Hellion x4  
  176  21:49  Siege Tank  
  176  21:50  Hellion  
  176  21:53  Hellion  
  164  21:57  Siege Tank  
  164  22:00  Hellion, Battlecruiser  
  164  22:01  Battlecruiser  
  169  22:08  Cyclone x2  
  169  22:12  Hellion x3  
  175  22:21  Cyclone x2  
  184  22:30  Cyclone  
  184  22:40  Cyclone  
  190  22:47  Hellion x2  
  179  23:14  Factory Tech Lab  
  179  23:15  Factory Tech Lab  
  173  23:26  Hellion x2  
  162  23:29  Siege Tank  
  162  23:31  Hellion  
  162  23:32  Hellion x2  
  171  23:36  Siege Tank x3  
  171  23:37  Siege Tank  
  183  23:42  Battlecruiser x2  
  183  23:56  Hellion x4  
  191  24:04  Command Center  
  191  24:08  Orbital Command  
  190  24:11  Siege Tank x2  
  190  24:12  Siege Tank  
Show
View Real Time Build Order
Export as new Build Order

Silky Zerg 

Build Orders: Hatch First, Swarm Host 

Get SALT Encoding   

  12  0:00  Drone  
  13  0:12  Overlord  
  13  0:18  Drone  
  14  0:31  Drone x2  
  16  0:49  Hatchery  
  15  0:53  Drone  
  15  0:56  Drone  
  17  1:00  Drone  
  18  1:10  Extractor  
  17  1:15  Spawning Pool  
  17  1:18  Drone  
  17  1:21  Drone  
  18  1:29  Drone  
  20  1:40  Drone  
  20  1:49  Overlord  
  20  2:02  Queen x2, Zergling x4  
  26  2:11  Metabolic Boost, Drone  
  26  2:13  Drone  
  28  2:35  Hatchery, Drone  
  28  2:36  Drone  
  29  2:41  Drone x2  
  31  2:46  Overlord  
  31  2:54  Queen  
  31  2:57  Drone  
  34  3:00  Drone  
  34  3:02  Drone  
  36  3:10  Drone  
  36  3:11  Drone  
  36  3:12  Drone x2  
  40  3:13  Drone  
  41  3:20  Overlord  
  41  3:21  Drone  
  41  3:23  Drone  
  41  3:24  Drone  
  44  3:36  Lair  
  44  3:37  Queen  
  44  3:39  Zergling x4  
  48  3:43  Drone x2  
  48  3:44  Drone  
  51  3:49  Queen  
  53  3:56  Drone, Baneling Nest  
  53  3:57  Drone  
  53  4:02  Drone x3  
  57  4:04  Zergling x2  
  57  4:06  Overlord  
  58  4:11  Overlord  
  58  4:20  Overlord  
  58  4:24  Overlord  
  57  4:25  Zergling x8  
  57  4:26  Zergling x4  
  63  4:33  Spore Crawler x2  
  61  4:40  Baneling x5  
  61  4:41  Zergling x2  
  61  4:42  Zergling x10  
  67  4:45  Overlord  
  67  4:51  Baneling  
  67  4:56  Drone x7  
  73  5:06  Drone  
  69  5:07  Drone x3  
  69  5:12  Drone  
  70  5:16  Spore Crawler, Overseer, Drone x2  
  71  5:22  Drone  
  71  5:26  Extractor, Drone  
  71  5:27  Extractor  
  71  5:28  Drone x2  
  72  5:32  Extractor  
  72  5:33  Extractor  
  72  5:34  Zergling x4  
  73  5:36  Hatchery  
  71  5:45  Drone x5  
  71  5:49  Zergling x6  
  78  5:51  Overseer  
  78  5:53  Drone x2  
  78  5:56  Drone x3  
  83  6:00  Roach Warren  
  83  6:02  Drone x2  
  82  6:07  Zergling x2  
  72  6:13  Zergling x4  
  72  6:16  Queen, Drone  
  72  6:17  Drone x3  
  76  6:24  Queen  
  76  6:25  Drone x2  
  80  6:27  Drone  
  79  6:41  Drone x4  
  77  6:52  Glial Reconstitution, Drone x2  
  77  6:53  Roach x3  
  77  6:54  Roach x2  
  89  6:58  Hydralisk Den  
  89  7:00  Drone  
  89  7:01  Infestation Pit  
  89  7:02  Roach x4  
  89  7:07  Overlord  
  96  7:10  Extractor  
  96  7:11  Overlord  
  93  7:16  Overlord  
  93  7:23  Overlord x2  
  93  7:26  Spore Crawler, Drone x4  
  96  7:31  Hydralisk x4, Muscular Augments, Overlord  
  96  7:36  Drone x2  
  96  7:37  Drone x5  
  108  7:43  Hive  
  108  7:44  Drone x2  
  112  7:47  Hydralisk  
  115  7:52  Hydralisk x2  
  115  7:58  Hydralisk x2  
  119  8:00  Drone  
  119  8:01  Drone x2  
  119  8:03  Hydralisk  
  119  8:05  Overseer  
  128  8:08  Roach  
  128  8:09  Roach  
  128  8:12  Hydralisk x2  
  132  8:17  Zergling x4  
  136  8:30  Overlord  
  136  8:33  Overlord x2  
  136  8:35  Extractor  
  136  8:36  Extractor  
  136  8:40  Hydralisk  
  136  8:42  Spore Crawler, Overlord x2  
  136  8:45  Grooved Spines  
  136  8:47  Zergling x2  
  136  8:48  Hatchery  
  135  8:51  Hydralisk x2  
  135  8:52  Hydralisk x3  
  135  8:54  Zergling x4  
  135  8:55  Zergling x6  
  150  8:59  Viper  
  153  9:05  Viper  
  153  9:07  Drone x2  
  153  9:08  Drone x2  
  156  9:18  Zergling x10  
  156  9:21  Hydralisk x5  
  170  9:28  Drone x2  
  170  9:31  Viper  
  175  9:41  Roach  
  154  9:58  Roach x7, Zergling x2  
  154  9:59  Roach  
  166  10:10  Evolution Chamber  
  166  10:11  Evolution Chamber, Overseer x2  
  162  10:14  Overlord  
  162  10:24  Drone x3  
  162  10:25  Spore Crawler, Hydralisk, Drone  
  162  10:26  Hydralisk, Spore Crawler x2  
  167  10:31  Overseer  
  167  10:32  Hatchery  
  166  10:38  Extractor, Drone x3, Zerg Missile Weapons Level 1, Zerg Ground Armor Level 1  
  166  10:39  Spore Crawler, Extractor, Drone  
  166  10:40  Spore Crawler  
  166  10:41  Spore Crawler  
  164  10:46  Overlord  
  164  10:47  Pneumatized Carapace  
  152  11:07  Hydralisk x5  
  152  11:08  Hydralisk x8  
  164  11:17  Roach x6  
  164  11:24  Hydralisk x2  
  164  11:25  Roach  
  152  11:27  Hydralisk x2  
  152  11:28  Hydralisk  
  150  11:36  Drone x4  
  154  11:42  Hydralisk  
  154  11:43  Hydralisk x3  
  154  11:46  Roach  
  164  11:52  Swarm Host x3  
  173  11:56  Swarm Host  
  176  12:02  Swarm Host x2  
  180  12:10  Drone x2  
  171  12:31  Swarm Host x3  
  171  12:34  Zerg Missile Weapons Level 2  
  171  12:35  Zerg Ground Armor Level 2  
  171  12:36  Overlord  
  180  12:45  Overlord x3  
  180  12:52  Spore Crawler  
  180  12:53  Spore Crawler  
  178  13:09  Hydralisk x7  
  190  13:16  Roach x4  
  190  13:17  Drone x2  
  191  13:52  Spire  
  191  13:54  Extractor  
  191  13:55  Spore Crawler, Drone x5  
  193  14:07  Hydralisk  
  193  14:08  Hydralisk x2  
  168  14:25  Overlord x2  
  138  14:47  Hydralisk x9  
  138  14:48  Hydralisk x3  
  138  14:50  Viper x3  
  171  14:53  Zerg Ground Armor Level 3, Zerg Missile Weapons Level 3  
  171  15:04  Queen, Drone x2  
  171  15:06  Corruptor x5  
  185  15:09  Corruptor  
  187  15:20  Nydus Network  
  183  15:29  Hydralisk x4  
  183  15:30  Hydralisk x4  
  199  15:45  Greater Spire  
  197  16:07  Spire  
  192  16:13  Viper x2  
  196  16:20  Spine Crawler  
  196  16:23  Spine Crawler  
  194  16:30  Corruptor  
  194  16:31  Corruptor x3  
  200  16:52  Hydralisk x2  
  169  17:10  Corruptor x8  
  169  17:11  Hydralisk x2  
  169  17:12  Hydralisk x8  
  185  17:18  Queen  
  185  17:21  Hydralisk x3  
  193  17:30  Hydralisk  
  193  17:32  Hydralisk x2  
  139  18:05  Viper  
  139  18:06  Viper  
  139  18:07  Drone x3  
  139  18:08  Drone x5  
  151  18:17  Hydralisk  
  151  18:18  Viper x2  
  159  18:21  Nydus Canal  
  159  18:24  Hydralisk x2  
  159  18:25  Hydralisk x3  
  169  18:28  Drone x4  
  173  18:40  Nydus Canal  
  173  18:48  Roach x6  
  183  19:02  Corruptor x3  
  185  19:04  Zerg Flyer Weapons Level 1  
  185  19:08  Extractor  
  188  19:10  Nydus Canal  
  188  19:13  Zerg Flyer Armor Level 1  
  184  19:29  Drone x2  
  182  19:39  Infestor x4  
  182  19:40  Infestor  
  192  19:56  Spore Crawler  
  192  19:57  Spore Crawler x3  
  192  19:58  Spore Crawler  
  192  19:59  Infestor x2  
  191  20:00  Neural Parasite  
  191  20:02  Corruptor x3  
  197  20:35  Corruptor  
  199  21:17  Drone x2  
  199  21:18  Drone  
  200  21:30  Overlord x2, Hatchery  
  121  22:00  Hydralisk x13  
  121  22:01  Hydralisk x11  
  143  22:13  Drone x3  
  143  22:14  Drone x2  
  148  22:34  Hatchery  
  145  22:44  Hydralisk x2  
  134  23:04  Viper x3  
  143  23:22  Hydralisk  
  143  23:23  Hydralisk x4  
  141  23:51  Hydralisk  
  141  23:52  Hydralisk x7  
Tags
 
Add a new tag
Caveats
  • Supply blocks, unpowered buildings, or Contaminate may cause inaccurate times.
  • Supply counts are checked every 10 seconds.